 Dungeon Crawl Stone Soup version 0.18.1-6-gd335043 (webtiles) character file.

16370 Helmschank the Geomancer (level 12, -18/73 HPs)
             Began as a Gargoyle Earth Elementalist on May 18, 2016.
             Was an Elder of Vehumet.
             Killed from afar by Urug (21 damage)
             ... with a wand of acid
             ... on level 2 of the Lair of Beasts.
             The game lasted 01:47:10 (20267 turns).

Helmschank the Geomancer (GrEE)                    Turns: 20267, Time: 01:47:10

Health: -18/73     AC: 16    Str: 12    XL:     12   Next: 36%
Magic:  1/19       EV: 11    Int: 21    God:    Vehumet [****..]
Gold:   266        SH:  5    Dex: 10    Spells: 8 memorised, 0 levels left

rFire  . . .     SeeInvis .     a - +2 mace (venom)
rCold  . . .     Gourm    .     x - +0 ring mail
rNeg   + . .     Faith    .     v - +0 buckler
rPois  ∞         Spirit   .     s - +1 helmet
rElec  +         Dismiss  .     p - +2 cloak {+Inv}
rCorr  .         Reflect  .     (no gloves)
SustAt .         Harm     .     (no boots)
MR     +....                    (no amulet)
Stlth  +.........               P - ring of protection from magic
                                y - ring of wizardry

@: corroded, repel missiles, somewhat resistant to hostile enchantments, very
unstealthy
A: negative energy resistance 1, electricity resistance, unbreathing,
petrification resistance, rot immunity, AC +8
a: Renounce Religion, Evoke Invisibility


You were on level 2 of the Lair of Beasts.
You worshipped Vehumet.
Vehumet was greatly pleased with you.
You were near starving.

You visited 3 branches of the dungeon, and saw 14 of its levels.

You collected 721 gold pieces.
You spent 455 gold pieces at shops.

Inventory:

Hand Weapons
 a - a +2 mace of venom (weapon)
 c - a +0 morningstar of draining
 d - the +4 lajatang of Dissolution {freeze, rElec MR+ MP+9, unknown}
   (You found it on level 1 of the Lair of Beasts)

   It has been specially enchanted to freeze those struck by it, causing extra
   injury to most foes and up to half again as much damage against particularly
   susceptible opponents.
   It can also slow down cold-blooded creatures.
   It insulates you from electricity.
   It affects your resistance to hostile enchantments.
   It affects your magic capacity (+9).
 e - a +0 blowgun
 f - a +0 hand axe of flaming
 q - a +1 mace of holy wrath
Missiles
 b - 219 stones (quivered)
 m - 29 poisoned needles
 w - 19 tomahawks
 V - 2 throwing nets
Armour
 p - a +2 cloak of invisibility (worn)
 s - a +1 helmet (worn)
 v - a +0 buckler (worn)
 x - a +0 ring mail (worn)
 G - a +0 shield
Jewellery
 k - an uncursed ring of resist corrosion
 y - a ring of wizardry (left hand)
 I - an uncursed ring of flight
 P - a ring of protection from magic (right hand)
Wands
 h - a wand of polymorph (9/24)
 L - a wand of polymorph (5/24)
 R - a wand of acid (4/15)
Scrolls
 z - 2 scrolls of blinking
 E - a scroll of recharging
 N - 3 scrolls of remove curse
 O - 2 scrolls of fear
 S - 5 scrolls of identify
 T - 3 scrolls of magic mapping
Potions
 i - 10 potions of curing
 l - 2 potions of cure mutation
 r - 2 potions of might
 t - 2 potions of brilliance
 u - 2 potions of haste
 D - 5 potions of flight
 W - a potion of cancellation
 X - 2 potions of berserk rage
Comestibles
 g - 3 meat rations
 j - a fruit
 M - 9 bread rations


   Skills:
 + Level 8.1 Fighting
 - Level 8.2 Maces & Flails
 - Level 5.0 Armour
 - Level 4.0 Dodging
 - Level 2.1 Stealth
 - Level 5.9 Shields
 - Level 5.0 Spellcasting
 - Level 3.6 Conjurations
 - Level 5.3 Charms
 - Level 0.7 Transmutations
 - Level 2.6 Air Magic
 + Level 13.0 Earth Magic


You couldn't memorise any spells.
You knew the following spells:

 Your Spells              Type           Power        Failure   Level  Hunger
a - Stone Arrow           Conj/Erth      #####.       1%          3    ##.....
f - Lee's Rapid Deconstr  Erth           ######....   1%          5    #####..
h - Conjure Flame         Conj/Fire      ##......     4%          3    ##.....
v - Petrify               Trmt/Erth      ####....     6%          4    ####...
x - Magic Dart            Conj           ###.         1%          1    None
z - Sandblast             Erth           ######       1%          1    None
Q - Repel Missiles        Chrm/Air       ###...       4%          2    None
W - Swiftness             Chrm/Air       ###.....     4%          2    None


Dungeon Overview and Level Annotations

Branches:
Dungeon (11/15)            Temple (1/1) D:6            Lair (2/8) D:11
    Orc (0/2) D:9

Altars:
Ashenzari
Cheibriados
Dithmenos
Elyvilon
Fedhas
Gozag
Kikubaaqudgha
Makhleb
Nemelex Xobeh
Okawaru
Pakellas
Qazlal
Ru
Sif Muna
Trog
Vehumet
Xom
Yredelemnul
Zin
The Shining One

Shops:
D:11 :

Annotations:
Lair:2 Urug


Innate Abilities, Weirdness & Mutations

You are resistant to torment.
Your stone body is resilient (AC +8).
You are immune to poison.
You resist negative energy.
You are resistant to electric shocks.
You can survive without breathing.
You are immune to petrification.
You are immune to rotting.


Message History

Urug zaps a wand.
The bolt of acid hits you!
* * * LOW HITPOINT WARNING * * *
The acid burns!
* * * LOW HITPOINT WARNING * * *
You take 21 damage, and have 2/73 hp.
MASSIVE DAMAGE!!
Drink which item? (? for menu, Esc to quit)
You feel much better.
Urug zaps a wand.
The bolt of acid hits you!
* * * LOW HITPOINT WARNING * * *
The acid burns!
* * * LOW HITPOINT WARNING * * *
Casting: Stone Arrow
Confirm with . or Enter, or press ? or * to list all spells.
Aiming: Magic Dart
Press: ? - help, Shift-Dir - straight line, f/p - Urug
Aim: Urug, wielding a long sword of freezing, wearing a runed ring mail and carrying a wand of acid {zapped: 3} (severely wounded, poisoned)
The magic dart hits Urug.
Urug is severely wounded.
* * * LOW MAGIC WARNING * * *
Urug zaps a wand.
The bolt of acid hits you!
You die...

..................+............##
####.#####........#............./
# ## ##.......+......#....... #
##...................PPP #
#....................... #
##........P......÷....... ##
#.#..............#....... .
##...(.....P#..###....P.. #
######.(o..@.)....÷........#
######P##.#............÷.....<...
.....((..........................
##P##.####.##..###.###.####.#####
####### ####### ### ### ###


You could see Urug.

Vanquished Creatures
  A hill giant (D:11)
  Pikel (D:7)
  2 ugly things
  Joseph (D:7)
  A centaur skeleton (D:11)
  A gargoyle (D:11)
  4 spiny frogs (Lair:1)
  2 kobold demonologists (D:11)
  6 komodo dragons
  2 trolls
  The ghost of Iamsock the Shield-Bearer, an amateur DsFi of Okawaru (D:4)
  2 two-headed ogres
  2 vampires (D:11)
  8 yaks
  4 hippogriffs
  Menkaure (D:5)
  4 water moccasins
  2 porcupines (Lair:1)
  5 orc warriors
  2 black bears
  An ice beast (D:10)
  A phantom (D:9)
  A wasp (D:9)
  3 ogres
  2 sky beasts
  3 slaves (D:7)
  2 necrophages
  A wolf (Lair:1)
  11 centaurs
  5 big kobolds
  2 crocodiles
  2 elf zombies (D:11)
  7 giant frogs
  A wyvern skeleton (D:11)
  A troll zombie (D:11)
  7 scorpions
  5 wights (D:7)
  9 howler monkeys
  5 crimson imps
  A centaur zombie (D:11)
  6 jellies
  12 orc priests
  5 human zombies (D:11)
  9 hounds
  9 orc wizards
  Crazy Yiuf (D:7)
  A giant frog skeleton (D:6)
  A human skeleton (D:11)
  8 iguanas
  5 worker ants
  A killer bee zombie (D:10)
  8 sheep (Lair:2)
  The ghost of Chickenballs200 the Skirmisher, a weakling MiBe of Trog (D:3)
  2 mummies (D:11)
  A howler monkey zombie (D:6)
  A worker ant zombie (D:11)
  Robin (D:2)
  2 gnolls
  A howler monkey skeleton (D:5)
  6 adders
  21 river rats
  4 shadow imps
  An ooze (D:4)
  An adder zombie (D:5)
  2 adder skeletons
  2 worms
  3 dart slugs
  8 giant geckos
  42 orcs
  4 giant cockroaches
  11 goblins
  7 hobgoblins
  3 jackals
  4 quokkas
  5 bats
  6 giant newts
  16 kobolds
  A quokka skeleton (D:9)
  8 rats
  A bush (D:7)
  A fungus (Lair:2)
354 creatures vanquished.

Vanquished Creatures (others)
  An orc (D:7)
  6 fungi
  4 plants (D:11)
11 creatures vanquished.

Grand Total: 365 creatures vanquished

Notes
Turn   | Place    | Note
--------------------------------------------------------------
     0 | D:1      | Helmschank the Gargoyle Earth Elementalist began the quest for the Orb.
     0 | D:1      | Reached XP level 1. HP: 10/10 MP: 3/3
   182 | D:1      | Reached skill level 4 in Earth Magic
   217 | D:1      | Reached XP level 2. HP: 11/15 MP: 1/5
  1044 | D:2      | Reached skill level 1 in Maces & Flails
  1044 | D:2      | Reached XP level 3. HP: 19/19 MP: 4/6
  1601 | D:2      | You fall through a shaft!
  1761 | D:3      | Reached skill level 1 in Armour
  1761 | D:3      | Reached XP level 4. HP: 10/24 MP: 0/7
  2302 | D:2      | Noticed Robin
  2518 | D:2      | Killed Robin
  2827 | D:3      | Learned a level 3 spell: Stone Arrow
  2922 | D:3      | Reached XP level 5. HP: 17/28 MP: 6/8
  3246 | D:3      | Noticed Chickenballs200's ghost (weakling MiBe)
  3274 | D:3      | Killed Chickenballs200's ghost
  3473 | D:3      | Reached skill level 1 in Shields
  3851 | D:3      | Reached skill level 1 in Conjurations
  4037 | D:4      | Found a basalt altar of Yredelemnul.
  4044 | D:4      | Found a deep blue altar of Sif Muna.
  4045 | D:4      | Found a sacrificial altar of Ru.
  4046 | D:4      | Found a burning altar of Makhleb.
  4047 | D:4      | Found a white marble altar of Elyvilon.
  4049 | D:4      | Found a blossoming altar of Fedhas.
  4151 | D:4      | Reached XP level 6. HP: 12/32 MP: 3/9
  4388 | D:4      | Got an ancient chain mail
  4457 | D:4      | Noticed Iamsock's ghost (amateur DsFi)
  5284 | D:5      | Entered Level 5 of the Dungeon
  5529 | D:5      | Reached XP level 7. HP: 11/36 MP: 0/10
  5861 | D:5      | Noticed Menkaure
  5871 | D:5      | Reached skill level 5 in Maces & Flails
  5891 | D:5      | Killed Menkaure
  6245 | D:3      | Identified the +10 chain mail of Midsummer {rF- Int+4 Slay+3} (You found it on level 4 of the Dungeon)
  6624 | D:5      | Reached XP level 8. HP: 38/41 MP: 7/11
  6797 | D:5      | Reached skill level 5 in Earth Magic
  7413 | D:6      | Found a staircase to the Ecumenical Temple.
  7447 | Temple   | Entered the Ecumenical Temple
  7461 | Temple   | Became a worshipper of Vehumet
  9122 | D:7      | Reached skill level 5 in Shields
  9122 | D:7      | Reached skill level 6 in Earth Magic
  9214 | D:7      | Noticed Joseph
  9231 | D:7      | Killed Joseph
  9231 | D:7      | Reached XP level 9. HP: 9/45 MP: 3/12
  9248 | D:7      | Found a stormy altar of Qazlal.
  9762 | D:7      | Got a transparent cloak
  9768 | D:7      | Identified the +1 cloak of Iraekhlo {Str-2 Dex+4} (You found it on level 7 of the Dungeon)
  9795 | D:7      | Reached skill level 7 in Earth Magic
  9937 | D:7      | Noticed Pikel
  9976 | D:7      | Killed Pikel
 10030 | D:7      | Noticed Crazy Yiuf
 10049 | D:7      | Killed Crazy Yiuf
 10181 | D:7      | Reached * piety under Vehumet
 10181 | D:7      | Offered knowledge of Magic Dart by Vehumet.
 10228 | D:7      | Learned a level 1 spell: Magic Dart
 10275 | D:7      | Reached skill level 8 in Earth Magic
 10720 | D:4      | Killed Iamsock's ghost
 10851 | D:8      | Reached skill level 5 in Fighting
 10862 | D:8      | Reached skill level 9 in Earth Magic
 10914 | D:8      | Reached XP level 10. HP: 59/59 MP: 9/13
 10961 | D:8      | Found an iron altar of Okawaru.
 11120 | D:8      | Learned a level 5 spell: Lee's Rapid Deconstruction
 12122 | D:9      | Found a staircase to the Orcish Mines.
 12139 | D:9      | Reached skill level 10 in Earth Magic
 12169 | D:9      | Reached ** piety under Vehumet
 12170 | D:9      | Offered knowledge of Throw Frost by Vehumet.
 12592 | D:9      | Reached skill level 5 in Armour
 13906 | D:10     | Entered Level 10 of the Dungeon
 13930 | D:10     | Reached skill level 11 in Earth Magic
 14769 | D:11     | Offered knowledge of Throw Flame by Vehumet.
 14769 | D:11     | Reached XP level 11. HP: 59/63 MP: 1/17
 15277 | D:11     | Found a basalt altar of Yredelemnul.
 15328 | D:11     | Reached skill level 5 in Spellcasting
 15406 | D:11     | Reached skill level 12 in Earth Magic
 15434 | D:11     | Reached *** piety under Vehumet
 15888 | D:11     | Offered knowledge of Conjure Flame by Vehumet.
 15893 | D:11     | Learned a level 3 spell: Conjure Flame
 16284 | D:11     | Noticed a red ugly thing
 16289 | D:11     | Noticed a hill giant
 16302 | D:10     | Killed a red ugly thing
 16614 | D:11     | Found Emuvedua's Book Shoppe.
 16685 | D:11     | Bought a book of Air for 455 gold pieces
 16701 | D:11     | Learned a level 2 spell: Swiftness
 16704 | D:11     | Learned a level 2 spell: Repel Missiles
 17114 | D:10     | Reached skill level 1 in Charms
 17189 | D:11     | Killed a hill giant
 17189 | D:11     | Reached skill level 1 in Air Magic
 17356 | D:11     | Found a staircase to the Lair.
 17521 | D:11     | Noticed a red ugly thing
 17822 | D:11     | Killed a red ugly thing
 18170 | Lair:1   | Entered Level 1 of the Lair of Beasts
 18300 | Lair:1   | Reached **** piety under Vehumet
 18406 | Lair:1   | Offered knowledge of Dazzling Spray by Vehumet.
 18567 | Lair:1   | Got a transparent lajatang
 18612 | Lair:1   | Reached XP level 12. HP: 70/70 MP: 8/19
 19186 | Lair:1   | Reached skill level 5 in Charms
 19683 | Lair:1   | Learned a level 4 spell: Petrify
 20231 | Lair:2   | Noticed Urug
 20231 | Lair:2   | Reached skill level 13 in Earth Magic
 20265 | Lair:2   | HP: 2/73 [acid (18)]
 20267 | Lair:2   | Killed from afar by Urug

Skill      XL: |  1  2  3  4  5  6  7  8  9 10 11 12 |
---------------+-------------------------------------+-----
Earth Magic    | 4 6 9 11 12 13 | 13.0
Dodging        | 2 4 |  4.0
Maces & Flails | 1 3 4 5 7 8 |  8.2
Armour         | 1 5 |  5.0
Shields        | 1 2 3 5 |  5.9
Conjurations   | 1 2 3 |  3.6
Fighting       | 5 6 8 |  8.1
Spellcasting   | 4 5 |  5.0
Charms         | 4 5 |  5.3
Air Magic      | 2 |  2.6
Stealth        | |  2.1
Transmutations | |  0.7

Action                   |  1- 3 |  4- 6 |  7- 9 | 10-12 || total
-------------------------+-------+-------+-------+-------++-------
Melee: Unarmed           |     3 |       |       |       ||     3
       Whip              |    28 |   114 |     1 |       ||   143
       Flail             |       |     6 |    74 |       ||    80
       Mace              |       |       |   218 |   584 ||   802
 Fire: Blowgun           |       |     4 |    22 |    38 ||    64
Throw: Stone             |     5 |     1 |     2 |       ||     8
 Cast: Sandblast         |    48 |    99 |    21 |    23 ||   191
       Stone Arrow       |       |       |    59 |    77 ||   136
       Magic Dart        |       |       |     3 |    20 ||    23
       Lee's Rapid Decon |       |       |       |    59 ||    59
       Repel Missiles    |       |       |       |     1 ||     1
       Swiftness         |       |       |       |     1 ||     1
       Petrify           |       |       |       |     1 ||     1
Evoke: Wand              |       |       |     2 |       ||     2
  Use: Scroll            |       |       |    22 |     8 ||    30
       Potion            |       |       |     2 |     2 ||     4
 Stab: Sleeping          |       |     1 |       |       ||     1
       Paralysed         |       |       |     1 |       ||     1
       Petrified         |       |       |       |     2 ||     2
  Eat: Chunk             |     3 |    13 |    16 |    36 ||    68
       Pizza             |       |       |     1 |       ||     1
       Beef jerky        |       |       |     4 |     6 ||    10
       Royal jelly       |       |       |     1 |       ||     1
       Meat ration       |       |       |       |     1 ||     1
       Fruit             |       |       |       |     3 ||     3
Armor: Robe              |     5 |       |       |       ||     5
       Leather armour    |    15 |    50 |    11 |       ||    76
       Ring mail         |       |       |   113 |   341 ||   454
Dodge: Dodged            |    26 |    81 |   147 |   253 ||   507
       Deflected         |       |       |       |     3 ||     3
Block: Buckler           |       |    21 |    66 |   109 ||   196
